AoeStats
← renesampaio

Glade

510855337Analyzed
1v1 RM · 1d ago on Oct 2, 2026· 48m 43s· 2 players
Game mode
Random Map
Map size
Tiny (2 player)
Population
200
Speed
Normal
Resources
Standard
Victory
Conquest
Starting age
Dark Age
Ending age
Imperial Age
RankedLock teamsTeams togetherTeam positionsShared explorationLock speedFull tech treeHidden civsTurbo modeCheats
Victory
Defeat
🇧🇷 Vietnamese · Brazil
878
+15
🇬🇧 Poles · United Kingdom
849
-15
Joshua coram
12:00 Feudal Age
11:40 Loom
13:23 Double-Bit Axe
13:39 Horse Collar
18:00 Castle Age
17:14 Scale Barding Armor
17:38 Fletching
24:12 Chain Barding Armor
26:17 Bodkin Arrow
26:33 Forging
27:24 Bow Saw
28:03 Wheelbarrow
28:56 Gold Mining
28:57 Stone Mining
30:20 Iron Casting
29:45 Pikeman
31:10 Hand Cart
35:15 Heavy Plow
38:23 Imperial Age
36:37 Bloodlines
37:35 Ballistics
37:30 Masonry
37:31 Szlachta Privileges
38:37 Cavalier
39:23 Squires
40:36 Chemistry
40:43 Blast Furnace
39:44 Bracer
40:49 Blast Furnace
39:52 Scale Mail Armor
40:25 Conscription
41:47 Town Watch
41:58 Heavy Mounted Crossbowman
44:00 Conscription
44:19 Hoardings
45:45 Chain Mail Armor
45:31 Padded Archer Armor
45:26 Elite Skirmisher
47:00 Thumb Ring
renesampaio
2:08 Loom
11:10 Feudal Age
12:26 Man-at-Arms
17:13 Wheelbarrow
16:24 Double-Bit Axe
21:49 Castle Age
21:37 Gold Mining
21:40 Stone Mining
24:35 Bow Saw
26:54 Horse Collar
31:37 Squires
37:41 Imperial Age
36:14 Forging
36:04 Scale Mail Armor
36:09 Scale Barding Armor
36:05 Padded Archer Armor
36:40 Hand Cart
38:47 Stone Shaft Mining
38:14 Heavy Plow
38:54 Iron Casting
38:09 Fletching
38:34 Treadmill Crane
38:50 Murder Holes
40:29 Chemistry
39:03 Pikeman
41:08 Two-Man Saw
40:39 Crop Rotation
40:44 Bodkin Arrow
41:06 Husbandry
41:37 Cavalier
45:47 Guilds
49:33 Chain Mail Armor
Connection lost

Rejoining the realm…

Still unreachable

The connection could not be restored.

Session expired

The server has moved on; the page needs a fresh start.